 Dungeon Crawl Stone Soup version 0.27.1 (webtiles) character file.

Game seed: 13958112652395863886

276 Atelerd the Digger (level 6, -1/36 HPs)
             Began as an Octopode Earth Elementalist on Sept 4, 2021.
             Killed by divine providence
             ... invoked by an orc priest
              (9 damage)
             ... on level 3 of the Dungeon.
             The game lasted 00:01:52 (2579 turns).

Atelerd the Digger (Octopode Earth Elementalist)    Turns: 2579, Time: 00:01:53

Health: -1/36      AC:  1    Str:  8    XL:     6   Next: 25%
Magic:  6/10       EV: 17    Int: 19    God:
Gold:   92         SH:  0    Dex: 12    Spells: 9/10 levels left

rFire    . . .     SeeInvis .   c - +1 dagger (venom)
rCold    . . .     Faith    .   (no shield)
rNeg     . . .     Spirit   .   (helmet restricted)
rPois    .         Reflect  .   (no amulet)
rElec    .         Harm     .   j - +4 ring of evasion
rCorr    .         Rampage  .   (no ring)
Will     .....                  (no ring)
Stlth    ++++......             (no ring)
HPRegen  0.12/turn              (no ring)
MPRegen  0.12/turn              (no ring)
                                (no ring)
                                (no ring)

@: flying
A: almost no armour, amphibious, 8 rings, camouflage 1, gelatinous body 1,
(nimble swimmer 1), tentacles
a: no special abilities


You were on level 3 of the Dungeon.
You visited 1 branch of the dungeon, and saw 3 of its levels.

You collected 92 gold pieces.

Inventory:

Hand Weapons
 c - a +1 dagger of venom (weapon)
Missiles
 b - 22 stones
Armour
 e - a +0 buckler
Jewellery
 j - a +4 ring of evasion (left tentacle)
Scrolls
 a - a scroll of teleportation {unknown}
 f - 2 scrolls of identify {unknown}
 i - a scroll of amnesia {unknown}
Potions
 d - a potion of haste {unknown}
 h - a potion of flight
 k - a potion of degeneration {unknown}


   Skills:
 - Level 2.0 Dodging
 + Level 4.3 Stealth
 + Level 2.8 Spellcasting
 * Level 3.4 Transmutations
 * Level 4.7 Earth Magic


You had 9 spell levels left.
You knew the following spells:

 Your Spells              Type           Power      Damage    Failure   Level
a - Sandblast             Erth           40%        2d10      2%          1

Your spell library contained the following spells:

 Spells                   Type           Power      Damage    Failure   Level
 Passwall                 Tmut/Erth      15%        N/A       4%          2
 Magic Dart               Conj           8%         1d3       16%         1
 Stone Arrow              Conj/Erth      22%        3d8       19%         3
 Searing Ray              Conj           4%         3d3       24%         2
 Petrify                  Tmut/Erth      18%        N/A       28%         4
 Fulminant Prism          Conj/Hex       1%         3d6       83%         4


Dungeon Overview and Level Annotations

Branches:
Dungeon (3/15)

Altars:

Annotations:
D:3 2 runed translucent doors


Innate Abilities, Weirdness & Mutations

You cannot wear most types of armour.
You are amphibious.
You can wear up to eight rings at the same time.
Your skin changes colour to match your surroundings (Stealth+).
Your rubbery body absorbs attacks. (AC +1, EV +1)
((You are camouflaged near water. (Stealth+)))
You have tentacles for arms and can constrict up to eight enemies at once.


Message History

You feel very buoyant.
You fly up into the air.
The orc misses you.
It was a potion of curing.
You feel better. The orc hits you with a +0 club.
You feel better. The orc hits you with a +0 club.
Casting: Sandblast (safe; 2% risk of failure)
Confirm with . or Enter, or press ? or * to list all spells.
Aiming: Sandblast (safe; 2% risk of failure)
Press: ? - help, Shift-Dir - straight line, f - orc
Aim: an orc, wielding a +0 club and wearing a +0 chain mail (86% to hit)
The blast of sand hits the orc!
You kill the orc!
The orc priest invokes the aid of Beogh against you.
Beogh smites you!
* * * LOW HITPOINT WARNING * * *
Unknown command.
Unknown command.
Casting: Sandblast (safe; 2% risk of failure)
Confirm with . or Enter, or press ? or * to list all spells.
Aiming: Sandblast (safe; 2% risk of failure)
Press: ? - help, Shift-Dir - straight line, f - orc priest
Aim: an orc priest, wielding a +0 club and wearing a +0 leather armour (81% to hit)
The blast of sand hits the orc priest!
The orc priest is severely wounded.
The orc priest hits you with a +0 club.
* * * LOW HITPOINT WARNING * * *
Unknown command.
Unknown command.
Unknown command.
Unknown command.
Unknown command.
Casting: Sandblast (safe; 2% risk of failure)
Confirm with . or Enter, or press ? or * to list all spells.
Aiming: Sandblast (safe; 2% risk of failure)
Press: ? - help, Shift-Dir - straight line, f/p - orc priest
Aim: an orc priest, wielding a +0 club and wearing a +0 leather armour (severely wounded, 81% to hit)
The blast of sand hits the orc priest.
The orc priest is almost dead.
The orc priest mumbles some strange prayers to Beogh against you.
Beogh smites you!
You die...

#
#................#..
######...#####...#..
#.....#.#####...#.#
#...............8+8
#.....#.#####......
#.....#.# #......
#.....#.# #......
############.#
#....##
.....oo@.....#
#....#
#####.########
###### #


You could see 2 orc priests.

Vanquished Creatures
  A black bear (D:3)
  A bullfrog zombie (D:3)
  An orc priest (D:3)
  5 gnolls
  An adder (D:3)
  A worm (D:3)
  A dart slug (D:1)
  An orc (D:3)
  6 ball pythons
  6 bats
  4 endoplasms
  4 giant cockroaches
  5 hobgoblins
  5 jackals (D:1)
  3 kobolds
  A frilled lizard (D:2)
  8 goblins
  8 rats
62 creatures vanquished.

Notes
Turn   | Place    | Note
-------+----------+-------------------------------------------
     0 | D:1      | Atelerd the Octopode Earth Elementalist began the quest for
                  | the Orb.
     0 | D:1      | Reached XP level 1. HP: 11/11 MP: 3/3
   155 | D:1      | Reached XP level 2. HP: 17/17 MP: 1/5
   343 | D:1      | Found a faded altar of an unknown god.
   680 | D:1      | Reached XP level 3. HP: 21/21 MP: 4/6
  1192 | D:2      | Reached XP level 4. HP: 27/27 MP: 5/7
  2036 | D:3      | Reached XP level 5. HP: 24/31 MP: 5/8
  2328 | D:3      | Noticed a black bear
  2335 | D:3      | Killed a black bear
  2336 | D:3      | Reached XP level 6. HP: 31/36 MP: 6/10
  2528 | D:3      | Found a large runed translucent door.
  2529 | D:3      | Found a large runed translucent door.
  2579 | D:3      | Killed from afar by an orc priest

Illustrated notes

Levels and vault maps discovered:
D:1:      lightli_arrival_quake, layout_basic,
          dilly_ecumenical_altar_fadedgnrine
D:2:      layout_loops_ring, minivault_4
D:3:      minmay_general_purpose_star, layout_basic, jmf_multi_god_temple2

Skill      XL: |  1  2  3  4  5 |
---------------+----------------+-----
Stealth        | 3 4 |  4.3
Transmutations | 2 3 |  3.4
Earth Magic    | 4 |  4.7
Dodging        | |  2.0
Spellcasting   | |  2.8

Action                   |  1- 3 |  4- 6 || total
-------------------------+-------+-------++-------
Melee: Unarmed           |     2 |       ||     2
       Constrict         |     6 |    15 ||    21
       Tentacles         |     2 |     7 ||     9
       Dagger            |    18 |    35 ||    53
 Cast: Sandblast         |    31 |    25 ||    56
  Use: Potion            |       |     3 ||     3
 Stab: Sleeping          |     2 |     6 ||     8
Armor: Skin              |     2 |     3 ||     5
Dodge: Dodged            |    23 |    27 ||    50
